Workbook
Name annees: Assolement!$C$1:$F$1
Name cultures: Assolement!$A$10:$A$14

Sheet Assolement
A1: Parcelle | B1: Surface | C1: Récolte 2020 | D1: Récolte 2021 | E1: Récolte 2022 | F1: Récolte 2023
A2: Parcelle 1 | B2: 10 | C2: Blé | D2: Colza | E2: Maïs | F2: Betterave
A3: Parcelle 2 | B3: 5 | C3: Colza | D3: Maïs | E3: Betterave | F3: Blé
A4: Parcelle 3 | B4: 8 | C4: Betterave | D4: Blé | E4: Colza | F4: Maïs
A5: Parcelle 4 | B5: 3 | C5: Blé | D5: Lin | E5: Blé | F5: Colza
A6: Parcelle 5 | B6: 11 | C6: Maïs | D6: Maïs | E6: Lin | F6: Blé
A7: Parcelle 6 | B7: 7 | C7: Blé | D7: Blé | E7: Maïs | F7: Betterave
A10: Betterave | C10: =SUMIF(C2:C7,$A$10,$B$2:$B$7) -> 8 | D10: =SUMIF(D2:D7,$A$10,$B$2:$B$7) -> 0 | E10: =SUMIF(E2:E7,$A$10,$B$2:$B$7) -> 5 | F10: =SUMIF(F2:F7,$A$10,$B$2:$B$7) -> 17
A11: Blé | C11: =SUMIF(C2:C7,$A$11,$B$2:$B$7) -> 20 | D11: =SUMIF(D2:D7,$A$11,$B$2:$B$7) -> 15 | E11: =SUMIF(E2:E7,$A$11,$B$2:$B$7) -> 3 | F11: =SUMIF(F2:F7,$A$11,$B$2:$B$7) -> 16
A12: Colza | C12: =SUMIF(C2:C7,$A$12,$B$2:$B$7) -> 5 | D12: =SUMIF(D2:D7,$A$12,$B$2:$B$7) -> 10 | E12: =SUMIF(E2:E7,$A$12,$B$2:$B$7) -> 8 | F12: =SUMIF(F2:F7,$A$12,$B$2:$B$7) -> 3
A13: Lin | C13: =SUMIF(C2:C7,$A$13,$B$2:$B$7) -> 0 | D13: =SUMIF(D2:D7,$A$13,$B$2:$B$7) -> 3 | E13: =SUMIF(E2:E7,$A$13,$B$2:$B$7) -> 11 | F13: =SUMIF(F2:F7,$A$13,$B$2:$B$7) -> 0
A14: Maïs | C14: =SUMIF(C2:C7,$A$14,$B$2:$B$7) -> 11 | D14: =SUMIF(D2:D7,$A$14,$B$2:$B$7) -> 16 | E14: =SUMIF(E2:E7,$A$14,$B$2:$B$7) -> 17 | F14: =SUMIF(F2:F7,$A$14,$B$2:$B$7) -> 8

Sheet Marges cultures
A1: Culture | B1: Rendement T/Ha | C1: Prix de vente €/T | D1: Production €/Ha | E1: Semences €/Ha | F1: Engrais €/Ha | G1: Traitements €/Ha | H1: Emballages €/Ha | I1: Récolte €/Ha | J1: Charges €/Ha | K1: Aides €/Ha | L1: Marge brute €/Ha
A2: Betterave | B2: 110 | C2: 20 | D2: =B2*C2 -> 2200 | E2: 280 | F2: 150 | G2: 215 | H2: 35 | I2: 110 | J2: =SUM(E2:I2) -> 790 | L2: =D2-J2+K2 -> 1410
A3: Blé | B3: 4 | C3: 360 | D3: =B3*C3 -> 1440 | E3: 160 | F3: 60 | G3: 110 | H3: 0 | I3: 90 | J3: =SUM(E3:I3) -> 420 | L3: =D3-J3+K3 -> 1020
A4: Colza | B4: 2 | C4: 675 | D4: =B4*C4 -> 1350 | E4: 80 | F4: 150 | G4: 80 | H4: 0 | I4: 90 | J4: =SUM(E4:I4) -> 400 | L4: =D4-J4+K4 -> 950
A5: Lin | B5: 7 | C5: 1250 | D5: =B5*C5 -> 8750 | E5: 460 | F5: 70 | G5: 140 | H5: 5 | I5: 90 | J5: =SUM(E5:I5) -> 765 | K5: 100 | L5: =D5-J5+K5 -> 8085
A6: Maïs | B6: 5 | C6: 280 | D6: =B6*C6 -> 1400 | E6: 300 | F6: 150 | G6: 170 | H6: 0 | I6: 110 | J6: =SUM(E6:I6) -> 730 | L6: =D6-J6+K6 -> 670

Sheet Marges années
A1: Récolte 2020 | B1: Betterave | C1: Blé | D1: Colza | E1: Lin | F1: Maïs
A2: Surface Ha | B2: =SUMIF(Assolement!C2:C7,B1,Assolement!B2:B7) -> 8 | C2: =SUMIF(Assolement!C2:C7,C1,Assolement!B2:B7) -> 20 | D2: =SUMIF(Assolement!C2:C7,D1,Assolement!B2:B7) -> 5 | E2: =SUMIF(Assolement!C2:C7,E1,Assolement!B2:B7) -> 0 | F2: =SUMIF(Assolement!C2:C7,F1,Assolement!B2:B7) -> 11
A3: Rendement T/Ha | B3: =VLOOKUP($B$1,'Marges cultures'!$A$2:$L$6,2,FALSE) -> 110 | C3: =VLOOKUP(C1,'Marges cultures'!$A$2:$L$6,2,FALSE) -> 4 | D3: =VLOOKUP(D1,'Marges cultures'!$A$2:$L$6,2,FALSE) -> 2 | E3: =VLOOKUP(E1,'Marges cultures'!$A$2:$L$6,2,FALSE) -> 7 | F3: =VLOOKUP(F1,'Marges cultures'!$A$2:$L$6,2,FALSE) -> 5
A4: Prix de vente €/T | B4: =VLOOKUP($B$1,'Marges cultures'!$A$2:$L$6,3,FALSE) -> 20 | C4: =VLOOKUP(C1,'Marges cultures'!$A$2:$L$6,3,FALSE) -> 360 | D4: =VLOOKUP(D1,'Marges cultures'!$A$2:$L$6,3,FALSE) -> 675 | E4: =VLOOKUP(E1,'Marges cultures'!$A$2:$L$6,3,FALSE) -> 1250 | F4: =VLOOKUP(F1,'Marges cultures'!$A$2:$L$6,3,FALSE) -> 280
A5: Production €/Ha | B5: =VLOOKUP(B1,'Marges cultures'!$A$2:$L$6,4,FALSE) -> 2200 | C5: =VLOOKUP(C1,'Marges cultures'!$A$2:$L$6,4,FALSE) -> 1440 | D5: =VLOOKUP(D1,'Marges cultures'!$A$2:$L$6,4,FALSE) -> 1350 | E5: =VLOOKUP(E1,'Marges cultures'!$A$2:$L$6,4,FALSE) -> 8750 | F5: =VLOOKUP(F1,'Marges cultures'!$A$2:$L$6,4,FALSE) -> 1400
A6: Semences €/Ha | B6: =VLOOKUP(B1,'Marges cultures'!$A$2:$L$6,5,FALSE) -> 280 | C6: =VLOOKUP(C1,'Marges cultures'!$A$2:$L$6,5,FALSE) -> 160 | D6: =VLOOKUP(D1,'Marges cultures'!$A$2:$L$6,5,FALSE) -> 80 | E6: =VLOOKUP(E1,'Marges cultures'!$A$2:$L$6,5,FALSE) -> 460 | F6: =VLOOKUP(F1,'Marges cultures'!$A$2:$L$6,5,FALSE) -> 300
A7: Engrais €/Ha | B7: =VLOOKUP(B1,'Marges cultures'!$A$2:$L$6,6,FALSE) -> 150 | C7: =VLOOKUP(C1,'Marges cultures'!$A$2:$L$6,6,FALSE) -> 60 | D7: =VLOOKUP(D1,'Marges cultures'!$A$2:$L$6,6,FALSE) -> 150 | E7: =VLOOKUP(E1,'Marges cultures'!$A$2:$L$6,6,FALSE) -> 70 | F7: =VLOOKUP(F1,'Marges cultures'!$A$2:$L$6,6,FALSE) -> 150
A8: Traitements €/Ha | B8: =VLOOKUP(B1,'Marges cultures'!$A$2:$L$6,7,FALSE) -> 215 | C8: =VLOOKUP(C1,'Marges cultures'!$A$2:$L$6,7,FALSE) -> 110 | D8: =VLOOKUP(D1,'Marges cultures'!$A$2:$L$6,7,FALSE) -> 80 | E8: =VLOOKUP(E1,'Marges cultures'!$A$2:$L$6,7,FALSE) -> 140 | F8: =VLOOKUP(F1,'Marges cultures'!$A$2:$L$6,7,FALSE) -> 170
A9: Emballages €/Ha | B9: =VLOOKUP(B1,'Marges cultures'!$A$2:$L$6,8,FALSE) -> 35 | C9: =VLOOKUP(C1,'Marges cultures'!$A$2:$L$6,8,FALSE) -> 0 | D9: =VLOOKUP(D1,'Marges cultures'!$A$2:$L$6,8,FALSE) -> 0 | E9: =VLOOKUP(E1,'Marges cultures'!$A$2:$L$6,8,FALSE) -> 5 | F9: =VLOOKUP(F1,'Marges cultures'!$A$2:$L$6,8,FALSE) -> 0
A10: Récolte €/Ha | B10: =VLOOKUP(B1,'Marges cultures'!$A$2:$L$6,9,FALSE) -> 110 | C10: =VLOOKUP(C1,'Marges cultures'!$A$2:$L$6,9,FALSE) -> 90 | D10: =VLOOKUP(D1,'Marges cultures'!$A$2:$L$6,9,FALSE) -> 90 | E10: =VLOOKUP(E1,'Marges cultures'!$A$2:$L$6,9,FALSE) -> 90 | F10: =VLOOKUP(F1,'Marges cultures'!$A$2:$L$6,9,FALSE) -> 110
A11: Charges €/Ha | B11: =VLOOKUP(B1,'Marges cultures'!$A$2:$L$6,10,FALSE) -> 790 | C11: =VLOOKUP(C1,'Marges cultures'!$A$2:$L$6,10,FALSE) -> 420 | D11: =VLOOKUP(D1,'Marges cultures'!$A$2:$L$6,10,FALSE) -> 400 | E11: =VLOOKUP(E1,'Marges cultures'!$A$2:$L$6,10,FALSE) -> 765 | F11: =VLOOKUP(F1,'Marges cultures'!$A$2:$L$6,10,FALSE) -> 730
A12: Aides €/ha | B12: =VLOOKUP(B1,'Marges cultures'!$A$2:$L$6,11,FALSE) -> 0 | C12: =VLOOKUP(C1,'Marges cultures'!$A$2:$L$6,11,FALSE) -> 0 | D12: =VLOOKUP(D1,'Marges cultures'!$A$2:$L$6,11,FALSE) -> 0 | E12: =VLOOKUP(E1,'Marges cultures'!$A$2:$L$6,11,FALSE) -> 100 | F12: =VLOOKUP(F1,'Marges cultures'!$A$2:$L$6,11,FALSE) -> 0
A13: Marge brute €/Ha | B13: =VLOOKUP(B1,'Marges cultures'!$A$2:$L$6,12,FALSE) -> 1410 | C13: =VLOOKUP(C1,'Marges cultures'!$A$2:$L$6,12,FALSE) -> 1020 | D13: =VLOOKUP(D1,'Marges cultures'!$A$2:$L$6,12,FALSE) -> 950 | E13: =VLOOKUP(E1,'Marges cultures'!$A$2:$L$6,12,FALSE) -> 8085 | F13: =VLOOKUP(F1,'Marges cultures'!$A$2:$L$6,12,FALSE) -> 670

Sheet Bilan fonctionnel_sauvegarde
B1: Récolte 2015 | C1: Récolte 2016 | D1: Récolte 2017 | E1: Groupe Codex 8
A2: Capitaux propres | B2: =#REF!-#REF! -> #REF! | C2: =#REF!-#REF! -> #REF! | D2: =#REF!-#REF! -> #REF! | E2: 228390
A3: (+) Emprunts LMT | B3: 176699 | C3: 234882 | D3: 200696 | E3: 128970
A4: (-) Actif immobilisé | B4: 215693 | C4: 231876 | D4: 194685 | E4: 238160
A5: (=) FR | B5: =B2+B3-B4 -> #REF! | C5: =C2+C3-C4 -> #REF! | D5: =D2+D3-D4 -> #REF! | E5: =E2+E3-E4 -> 119200
A7: Stocks en cours | B7: 89722 | C7: 79945 | D7: 76244 | E7: 98880
A8: (+) Créances | B8: =8048+59156 -> 67204 | C8: =9787+51397 -> 61184 | D8: =7921+57442 -> 65363 | E8: 56130 | F8: Clients + TVA + autres créances, sans CCA
A9: (-) Dettes d'exploitation | B9: 52642 | C9: 81190 | D9: 48847 | E9: 48620
A10: (=) BFR | B10: =B7+B8-B9 -> 104284 | C10: =C7+C8-C9 -> 59939 | D10: =D7+D8-D9 -> 92760 | E10: =E7+E8-E9 -> 106390
A12: Liquidités | B12: 98 | C12: 98 | D12: 98 | E12: 42830
A13: (-) Concours bancaires | B13: 99054 | C13: 67589 | D13: 102584 | E13: 20360
A14: (=) Trésorerie Nette | B14: =B12-B13 -> -98956 | C14: =C12-C13 -> -67491 | D14: =D12-D13 -> -102486 | E14: =E12-E13 -> 22470
A16: Liquidités | B16: 98 | C16: 98 | D16: 98 | E16: 42830
A17: (+) Créances | B17: 173622 | C17: 117869 | D17: 65363 | E17: 56130
A18: (-) Dettes d'exploitation | B18: 52642 | C18: 81190 | D18: 48847 | E18: 48620
A19: (-) Dettes financières CT | B19: 102584 | C19: 148779 | D19: 151431 | E19: 20360
A20: (=) TNG | B20: =B16+B17-B18-B19 -> 18494 | C20: =C16+C17-C18-C19 -> -112002 | D20: =D16+D17-D18-D19 -> -134817 | E20: =E16+E17-E18-E19 -> 29980
A22: Dettes CT | B22: 151696 | C22: 148779 | D22: 151431 | E22: 80490
A23: (-) créances | B23: 173622 | C23: 117869 | D23: 230989 | E23: 56130
B24: =B22-B23 -> -21926 | C24: =C22-C23 -> 30910 | D24: =D22-D23 -> -79558 | E24: =E22-E23 -> 24360
